 Dungeon Crawl Stone Soup version 0.17.0-15-g6d90897 (webtiles) character file.

1024 HungrySpirit the Ruffian (level 8, 0/59 HPs)
             Began as a Pale Draconian Transmuter on Nov 10, 2015.
             Was an Initiate of Makhleb.
             Slain by Pikel
             ... wielding a +2 whip of flaming
              (4 damage)
             ... on level 6 of the Dungeon.
             The game lasted 00:12:44 (6611 turns).

HungrySpirit the Ruffian (DrTm)                     Turns: 6611, Time: 00:12:44

Health: 0/59       AC:  2    Str: 13    XL:     8   Next: 2%
Magic:  13/14      EV: 19    Int: 16    God:    Makhleb [......]
Gold:   274        SH:  0    Dex: 19    Spells: 4 memorised, 5 levels left

rFire  . . .     SeeInvis .       - Unarmed
rCold  . . .     Clarity  .     (armour unavailable)
rNeg   . . .     SustAt   .     (shield currently unavailable)
rPois  .         Gourm    .     (helmet currently unavailable)
rElec  .         Spirit   .     (cloak currently unavailable)
rCorr  .         Warding  .     (gloves currently unavailable)
rMut   .         Stasis   .     (boots currently unavailable)
MR     .....                    x - amulet of faith
Stlth  ++........               v - ring of poison resistance
                                d - +3 ring of dexterity

@: spider-form (expiring), not resistant to hostile enchantments, unstealthy
A: (breathe steam), unfitting armour, (cold-blooded), AC +6
a: End Transformation, Renounce Religion


You were on level 6 of the Dungeon.
You worshipped Makhleb.
Makhleb was noncommittal.
You were not hungry.
You were a venomous arachnid creature.
You visited 2 branches of the dungeon, and saw 7 of its levels.

You collected 274 gold pieces.

Inventory:

Missiles
 a - 120 arrows
 z - 20 arrows of frost
Armour
 e - a +0 cloak (melded)
 o - a cursed +0 buckler (melded)
Rods
 u - a +0 rod of clouds (12/12)
   (You found it on level 3 of the Dungeon)
Jewellery
 d - a +3 ring of dexterity (left front leg)
 v - a ring of poison resistance (right front leg)
 x - an amulet of faith (around neck)
Wands
 C - a wand of lightning (6)
 D - a wand of random effects (27)
Scrolls
 f - 10 scrolls of identify {unknown}
 i - 4 scrolls of blinking
 k - a scroll of magic mapping {unknown}
 l - 2 scrolls of remove curse {unknown}
 n - a scroll of immolation {unknown}
 p - 2 scrolls of enchant armour {unknown}
 t - a scroll of teleportation {unknown}
 y - a scroll of random uselessness {unknown}
 E - a scroll of fear {unknown}
Potions
 m - a potion of mutation {unknown}
 q - a potion of flight
 r - a potion of poison {unknown}
 w - 2 potions of heal wounds
 A - a potion of might {unknown}
 B - a potion of curing {unknown}
Books
 b - a book of Changes

   Spells                             Type                      Level
   a - Beastly Appendage              Transmutation                1
   b - Sticks to Snakes               Transmutation                2
   c - Spider Form                    Transmutation/Poison         3
   d - Ice Form                       Ice/Transmutation            4
   e - Blade Hands                    Transmutation                5
Comestibles
 c - 4 bread rations
 g - a meat ration
 h - a royal jelly
 j - 4 fruits
 s - 2 chunks of flesh


   Skills:
 - Level 1.1 Fighting
 - Level 1.7 Dodging
 * Level 6.2 Unarmed Combat
 + Level 4.0 Spellcasting
 * Level 5.9 Transmutations
 + Level 2.7 Poison Magic


You had 5 spell levels left.
You knew the following spells:

 Your Spells              Type           Power        Failure   Level  Hunger
a - Beastly Appendage     Trmt           ###...       6%          1    None
b - Sticks to Snakes      Trmt           ###.......   10%         2    ##.....
c - Spider Form           Trmt/Pois      ###.......   28%         3    ###....
d - Ice Form              Ice/Trmt       ##......     82%         4    ####...


Dungeon Overview and Level Annotations

Branches:
Dungeon (6/15)             Temple (1/1) D:5

Altars:
Ashenzari
Cheibriados
Dithmenos
Elyvilon
Makhleb
Nemelex Xobeh
Okawaru
Qazlal
Sif Muna
Trog
Vehumet
Xom
Yredelemnul
The Shining One

Shops:
D:5 [

Annotations:
D:6 Pikel


Innate Abilities, Weirdness & Mutations

((You can breathe blasts of scalding, opaque steam.))
((Your pale cyan-grey scales are hard (AC +6).))
Your body does not fit into most forms of armour.
((You are cold-blooded and may be slowed by cold attacks.))


Message History

Pikel hits you with a whip of flaming. Pikel burns you.
You bite Pikel!
Pikel is almost dead.
Pikel closely misses you. Pikel hits you with a whip of flaming!
* * * LOW HITPOINT WARNING * * *
Pikel burns you.
* * * LOW HITPOINT WARNING * * *
The slave completely misses you.
Unknown command.
Pikel misses you.
Unknown command.
Unknown command.
You hit Pikel but do no damage.
Pikel looks even sicker.
Pikel is almost dead.
Your transformation is almost over.
Pikel closely misses you. x2
You closely miss Pikel.
Pikel is almost dead.
Pikel hits you with a whip of flaming.
You die...

#.####.#.# #K# #......#.....#
#### ###############.#.....#
...# #...............#.#K#.#
##.# #.###############.....#
#.# #.##........ #.....# #.#
#.##.####### #ยง#.#.# #.#
#.##.############.....# #.#
#.........sKp.p.#.....#
#.#######.##########.....#....
#.........# ####### ...
#####.....################# .
#.)....................#
#....<..........######.#
#####.....#########.# #.#
#.........# #.# #.#
#.####....#########.######.#


You could see Pikel (berserk) and 2 slaves.

Vanquished Creatures
  A slave (D:6)
  A phantom (D:4)
  A centaur (D:6)
  A giant frog (D:6)
  A scorpion (D:4)
  A centaur zombie (D:5)
  2 hounds
  An orc wizard (D:3)
  An iguana (D:5)
  6 worker ants
  A worker ant zombie (D:5)
  11 adders
  A gnoll (D:1)
  A shadow imp (D:6)
  A worm (D:5)
  4 giant geckos
  7 orcs
  10 bats
  7 hobgoblins
  4 jackals (D:1)
  2 quokkas
  2 ball pythons (D:2)
  6 giant cockroaches
  A giant gecko skeleton (D:5)
  3 giant newts
  8 goblins
  10 kobolds
  A quokka skeleton (D:4)
  6 rats
102 creatures vanquished.

Vanquished Creatures (collateral kills)
  Edmund (D:4)
  2 ogres (D:4)
  A giant frog (D:4)
4 creatures vanquished.

Grand Total: 106 creatures vanquished

Notes
Turn   | Place    | Note
--------------------------------------------------------------
     0 | D:1      | HungrySpirit the Draconian Transmuter began the quest for the Orb.
     0 | D:1      | Reached XP level 1. HP: 16/16 MP: 3/3
   342 | D:1      | Reached XP level 2. HP: 8/23 MP: 3/5
   588 | D:1      | Learned a level 2 spell: Sticks to Snakes
   691 | D:1      | Reached XP level 3. HP: 26/28 MP: 6/6
  1801 | D:2      | Reached XP level 4. HP: 33/35 MP: 7/7
  2027 | D:3      | Learned a level 3 spell: Spider Form
  2064 | D:3      | Reached skill level 4 in Unarmed Combat
  2436 | D:3      | Identified a +0 rod of clouds (12/12) (You found it on level 3 of the Dungeon)
  2642 | D:3      | Reached XP level 5. HP: 38/40 MP: 7/9
  3498 | D:4      | Reached skill level 1 in Poison Magic
  3800 | D:4      | Reached XP level 6. HP: 45/47 MP: 8/10
  3911 | D:4      | Learned a level 4 spell: Ice Form
  3915 | D:4      | Noticed an ogre
  3918 | D:4      | Noticed Edmund
  4585 | D:4      | Killed Edmund
  4585 | D:4      | Reached skill level 5 in Unarmed Combat
  4749 | D:4      | Found a bloodstained altar of Trog.
  4773 | D:4      | Noticed a phantom
  4803 | D:4      | Killed a phantom
  4803 | D:4      | Reached skill level 5 in Transmutations
  4803 | D:4      | Your scales start taking on a pale cyan-grey colour.
  4803 | D:4      | Reached XP level 7. HP: 36/52 MP: 12/12
  5112 | D:4      | Noticed an ogre
  5130 | D:4      | Killed an ogre
  5148 | D:4      | Killed an ogre
  5218 | D:5      | Entered Level 5 of the Dungeon
  5391 | D:5      | Found a snail-covered altar of Cheibriados.
  5475 | D:5      | Found a basalt altar of Yredelemnul.
  5592 | D:5      | Found a staircase to the Ecumenical Temple.
  5616 | Temple   | Entered the Ecumenical Temple
  5751 | Temple   | Became a worshipper of Makhleb the Destroyer
  5826 | D:5      | Found Efoamom's Armour Emporium.
  5947 | D:6      | Reached skill level 6 in Unarmed Combat
  6216 | D:6      | Noticed Pikel
  6226 | D:6      | Reached XP level 8. HP: 45/59 MP: 11/13
  6464 | D:6      | Found a deep blue altar of Sif Muna.
  6611 | D:6      | Slain by Pikel

Action                   |  1- 3 |  4- 6 |  7- 9 || total
-------------------------+-------+-------+-------++-------
Melee: Unarmed           |   138 |   254 |   115 ||   507
 Cast: Beastly Appendage |    14 |    21 |     8 ||    43
       Sticks to Snakes  |       |    11 |     3 ||    14
       Spider Form       |       |     1 |     7 ||     8
 Abil: Breathe Steam     |       |       |     2 ||     2
Evoke: Rod               |       |     1 |       ||     1
  Use: Potion            |       |     3 |       ||     3
       Scroll            |       |     2 |       ||     2
 Stab: Sleeping          |     2 |       |       ||     2
       Distracted        |       |     1 |       ||     1
  Eat: Chunk             |     3 |     9 |     6 ||    18
       Beef jerky        |       |     1 |       ||     1
       Pizza             |       |       |     1 ||     1
